Map: Abyssal Reef LE

Players

ShoWTimE - Winner!

  • Race: Protoss Protoss
  • Spawn Location: 5:00

Bly

  • Race: Zerg Zerg
  • League: Master
  • Spawn Location: 11:00

Event: HomeStory Cup XV

VOD

Have the link to the VOD?

Description

Time

  • Played on: July 22, 2017, 6:20 a.m.
  • Length: 8:54

All games in this series

Show
View Real Time Build Order
Export as new Build Order

ShoWTimE Protoss - Winner!

Build Orders: 1 Gate Expand, Oracle Opening, Zealot Archon 

Get SALT Encoding   

  12  0:00  Probe (Chrono Boost)  
  13  0:11  Probe (Chrono Boost)  
  14  0:17  Pylon  
  14  0:22  Probe (Chrono Boost)  
  16  0:35  Probe (Chrono Boost)  
  16  0:39  Gateway  
  16  0:46  Probe (Chrono Boost)  
  16  0:48  Assimilator  
  17  0:56  Probe (Chrono Boost)  
  18  1:07  Probe (Chrono Boost)  
  19  1:22  Nexus  
  19  1:26  Probe (Chrono Boost)  
  20  1:36  Cybernetics Core  
  20  1:39  Probe (Chrono Boost)  
  21  1:47  Pylon  
  22  1:56  Zealot (Chrono Boost)  
  22  1:57  Assimilator  
  23  2:05  Probe  
  24  2:16  Warp Gate  
  24  2:17  Probe  
  24  2:20  Adept (Chrono Boost)  
  27  2:29  Probe  
  27  2:41  Probe  
  27  2:42  Probe  
  28  2:47  Adept (Chrono Boost)  
  30  2:53  Probe  
  30  2:56  Probe, Stargate  
  32  3:05  Probe  
  32  3:06  Probe  
  32  3:10  Pylon  
  34  3:17  Probe x2  
  36  3:27  Probe  
  36  3:30  Probe  
  36  3:32  Gateway  
  38  3:38  Probe  
  38  3:41  Oracle (Chrono Boost)  
  39  3:42  Probe  
  43  3:48  Probe  
  43  3:52  Adept (Chrono Boost)  
  43  3:54  Probe  
  45  3:59  Probe  
  46  4:06  Probe  
  46  4:07  Gateway  
  47  4:11  Probe, Oracle  
  47  4:12  Pylon  
  51  4:18  Probe  
  51  4:23  Probe  
  53  4:30  Probe  
  53  4:31  Pylon, Adept x2  
  58  4:36  Probe, Pylon  
  59  4:42  Probe  
  60  4:47  Nexus  
  60  4:48  Probe  
  61  4:54  Mothership Core  
  63  5:00  Probe  
  64  5:12  Probe  
  61  5:16  Probe  
  61  5:18  Assimilator  
  61  5:20  Assimilator  
  58  5:23  Sentry x2, Robotics Facility  
  58  5:24  Probe  
  58  5:28  Forge, Probe  
  64  5:31  Twilight Council  
  64  5:35  Pylon  
  64  5:36  Probe  
  64  5:40  Probe  
  66  5:46  Zealot x2  
  66  5:48  Zealot, Probe  
  69  5:52  Probe  
  69  5:53  Phoenix  
  69  5:54  Protoss Ground Weapons Level 1  
  72  6:00  Probe  
  72  6:02  Probe  
  72  6:04  Probe, Gateway  
  72  6:05  Gateway  
  72  6:08  Charge (Chrono Boost)  
  72  6:09  Gateway  
  73  6:12  Probe  
  73  6:13  Probe  
  73  6:16  Probe  
  76  6:24  Probe  
  76  6:25  Gateway  
  74  6:26  Gateway  
  74  6:27  Observer (Chrono Boost)  
  74  6:29  Zealot x2, Sentry  
  81  6:32  Assimilator  
  81  6:34  Probe  
  81  6:35  Probe  
  81  6:37  Assimilator  
  83  6:41  Pylon, Probe  
  83  6:46  Probe  
  85  6:47  Probe  
  85  6:48  Templar Archives  
  85  6:50  Warp Prism (Chrono Boost)  
  88  6:54  Probe  
  89  7:01  Photon Cannon  
  89  7:04  Zealot x3  
  89  7:05  Pylon  
  89  7:07  Zealot  
  97  7:11  Pylon  
  97  7:20  Zealot x2  
  101  7:30  Zealot x2, High Templar x4  
  101  7:33  Pylon  
  101  7:34  Pylon, Archon x2  
  101  7:35  Pylon  
  113  7:40  Nexus  
  113  7:44  Pylon  
  113  7:54  High Templar x2  
  113  7:55  Zealot x2  
  121  7:59  Archon  
  121  8:04  Pylon  
  121  8:11  Immortal (Chrono Boost)  
  123  8:17  Zealot x6  
  123  8:19  Probe  
  137  8:20  Probe  
  137  8:23  Pylon  
  131  8:38  Probe x3  
  130  8:41  Zealot x2  
  130  8:42  Zealot x6  
Show
View Real Time Build Order
Export as new Build Order

Bly Zerg 

Build Orders: Pool First 

Get SALT Encoding   

  12  0:01  Drone  
  13  0:12  Overlord  
  13  0:17  Drone  
  14  0:30  Drone  
  14  0:31  Drone  
  14  0:35  Drone  
  17  0:47  Spawning Pool  
  16  0:59  Drone  
  18  1:04  Drone  
  18  1:05  Extractor  
  17  1:19  Hatchery  
  17  1:33  Zergling x4  
  17  1:34  Zergling x2  
  17  1:39  Queen  
  22  1:58  Hatchery  
  21  2:04  Overlord  
  21  2:13  Drone  
  22  2:22  Queen  
  22  2:28  Drone x3  
  26  2:30  Drone  
  27  2:42  Drone x2  
  27  2:47  Drone  
  27  2:51  Drone x3  
  30  2:53  Extractor  
  30  2:59  Drone  
  30  3:03  Queen  
  30  3:05  Drone  
  34  3:11  Queen  
  36  3:22  Drone x3  
  36  3:23  Drone x3  
  42  3:33  Overlord  
  38  3:52  Drone x6  
  38  3:53  Drone x3  
  38  3:55  Drone x2  
  46  4:06  Drone x2  
  46  4:07  Overlord  
  46  4:08  Metabolic Boost  
  47  4:17  Overlord  
  47  4:19  Drone x3  
  50  4:25  Overlord  
  50  4:26  Drone x3  
  50  4:29  Drone x2  
  55  4:39  Queen  
  55  4:43  Pneumatized Carapace, Overlord  
  55  4:44  Zergling x6  
  55  4:45  Zergling x2  
  61  4:50  Zergling x8  
  60  5:00  Zergling x6  
  57  5:11  Drone  
  57  5:12  Drone x6  
  58  5:21  Drone x2  
  58  5:22  Drone x4  
  64  5:29  Drone  
  65  5:39  Drone x5  
  70  5:55  Drone x3  
  69  6:04  Drone x6  
  68  6:06  Lair  
  68  6:08  Extractor  
  68  6:09  Extractor  
  68  6:10  Extractor x2  
  64  6:17  Hatchery  
  59  6:25  Drone x2  
  59  6:26  Drone x12  
  72  6:33  Evolution Chamber  
  72  6:35  Baneling Nest  
  72  6:37  Extractor  
  69  6:43  Drone x2  
  69  6:44  Drone x2  
  73  6:49  Overlord  
  73  6:58  Drone  
  73  6:59  Overlord x2  
  74  7:07  Drone x3  
  77  7:08  Overlord, Hydralisk Den  
  77  7:09  Overlord  
  76  7:25  Centrifical Hooks  
  76  7:28  Drone  
  76  7:29  Drone x13  
  90  7:39  Hydralisk x3, Muscular Augments  
  90  7:40  Hydralisk  
  98  7:45  Hydralisk x4  
  98  7:46  Hydralisk x2  
  98  7:50  Hydralisk  
  112  7:54  Overlord x2  
  112  7:55  Overlord  
  112  8:08  Zergling x4  
  112  8:09  Zergling x6  
  110  8:14  Zergling x6  
  110  8:15  Zergling x12  
  110  8:16  Zergling x10  
  123  8:29  Hydralisk  
  123  8:30  Hydralisk x4  
Tags
 
Add a new tag
Caveats
  • Supply blocks, unpowered buildings, or Contaminate may cause inaccurate times.
  • Supply counts are checked every 10 seconds.